 Dungeon Crawl Stone Soup version 0.28-a0-941-g140ffa10cf (webtiles) character file.

Game seed: 1077915850750109502

727 BinkBink the Chopper (level 7, -1/61 HPs)
             Began as a Minotaur Monk on Nov 29, 2021.
             Was a Follower of Uskayaw.
             Slain by a vampire (9 damage)
             ... on level 4 of the Dungeon.
             The game lasted 00:10:31 (5844 turns).

BinkBink the Chopper (Minotaur Monk)                Turns: 5844, Time: 00:10:31

Health: -1/61      AC: 11    Str: 15    XL:     7   Next: 44%
Magic:  7/7        EV: 12    Int:  7    God:    Uskayaw [*.....]
Gold:   216        SH:  0    Dex: 15    Spells: 5/7 levels left

rFire   + . .      SeeInvis .   r - +1 hand axe (freeze)
rCold   . . .      Faith    .   (no shield)
rNeg    . . .      Spirit   .   h - +4 ring mail
rPois   .          Reflect  .   (helmet restricted)
rElec   .          Harm     .   (no cloak)
rCorr   .          Rampage  .   (no gloves)
Will    .....                   q - +0 pair of boots
Stlth   +.........              (no amulet)
HPRegen 0.20/turn               m - ring of protection from fire
MPRegen 0.10/turn               (no ring)

@: no status effects
A: horns 2, retaliatory headbutt
a: Renounce Religion, Stomp


You were on level 4 of the Dungeon.
You worshipped Uskayaw.
Uskayaw was noncommittal.
You visited 1 branch of the dungeon, and saw 5 of its levels.

You collected 216 gold pieces.

Inventory:

Hand Weapons
 r - a +1 hand axe of freezing (weapon)
Armour
 h - a +4 ring mail (worn)
 q - a +0 pair of boots (worn)
Jewellery
 m - a ring of protection from fire (left hand)
Wands
 o - a wand of polymorph (7)
Scrolls
 b - a scroll of identify
 i - a scroll of enchant armour
 n - 2 scrolls of immolation
Potions
 e - a potion of curing


   Skills:
 + Level 5.5 Fighting
 + Level 6.7 Axes
 * Level 4.2 Armour
 + Level 5.0 Dodging
 - Level 1.5 Stealth
 * Level 0.9 Spellcasting
 * Level 1.0 Translocations


You had 5 spell levels left.
You knew the following spells:

 Your Spells              Type           Power      Damage    Failure   Level
a - Blink                 Tloc           2%         N/A       61%         2

Your spell library contained the following spells:

 Spells                   Type           Power      Damage    Failure   Level
 Lesser Beckoning         Tloc           1%         N/A       83%         3
 Manifold Assault         Tloc           1%         N/A       100%        5


Dungeon Overview and Level Annotations

Branches:
Dungeon (5/15)
 Temple: D:4-7

Altars:
Fedhas
Uskayaw

Annotations:
D:3 2 transporters, xoxolimbo's ghost, amateur DsFE


Innate Abilities, Weirdness & Mutations

You have a pair of horns on your head.
You reflexively headbutt those who attack you in melee.


Message History

Press: ? - help, Dir - move target You hit something but do no damage.
Something hits you but does no damage. Something bites you!
* * * LOW HITPOINT WARNING * * *
Something draws strength from your injuries!
Cleave: r) +1 hand axe (freeze)
Press: ? - help, Dir - move target You closely miss something.
Something hits you.
* * * LOW HITPOINT WARNING * * *
Something bites you.
* * * LOW HITPOINT WARNING * * *
Something draws strength from your injuries!
Cleave: r) +1 hand axe (freeze)
Press: ? - help, Dir - move target You hit something.
Something hits you.
* * * LOW HITPOINT WARNING * * *
Something bites you but does no damage.
Cleave: r) +1 hand axe (freeze)
Press: ? - help, Dir - move target You hit something but do no damage.
Something hits you but does no damage. Something bites you!
* * * LOW HITPOINT WARNING * * *
Something draws strength from your injuries!
It was a potion of ambrosia.
You are confused.
You feel invigorated. Something hits you but does no damage.
Something bites you but does no damage.
It was a potion of cancellation.
Your magical effects are unravelling.
You feel magically purged.
You feel less wooden.
Your +0 pair of boots unmelds from your body.
Your +4 ring mail unmelds from your body.
You feel less invigorated.
You flicker back into view.
You feel less confused. Something hits you but does no damage.
Something bites you.
* * * LOW HITPOINT WARNING * * *
Something draws strength from your injuries!
You hit something but do no damage. Something hits you!
You die...

...# #......##.##..#.............
##.# #.........##..#.)...........
...# #......#####..#.............
#### #......#####..########...###
# ######........# #..)# #
########.# #...# ##############
###.# #...### ....##.......#
#...# ##...... ##.#.#[#####.#
#@### #..<..^. #.###..#####.# #{#
#.....#. .##
##....##.###.#########.......
#.###..##).......#.............#.
##.#.#.#####.##......#####.##..#.
##[##.......##)##.#.# ##.......
#############.##.#.# #......#.
#.##.#.# #........ #.##.#.#
#.##.....


There were no monsters in sight!

Vanquished Creatures
  Menkaure (D:4)
  Duvessa (D:4)
  A water moccasin (D:5)
  Dowan (D:4)
  2 orc priests
  An iguana (D:4)
  Jessica (D:3)
  Natasha (thrice) (D:3)
  An orc wizard (D:5)
  A hound skeleton (D:4)
  3 adders
  A shadow imp (D:4)
  An adder zombie (D:5)
  A worm (D:5)
  3 dart slugs
  14 orcs
  2 bats (D:3)
  An endoplasm (D:2)
  3 giant cockroaches
  7 goblins
  A hobgoblin (D:2)
  4 quokkas
  4 ball pythons
  3 frilled lizards
  3 kobolds
  A quokka skeleton (D:4)
  4 rats
69 creatures vanquished.

Vanquished Creatures (others)
  3 plants (D:1)
3 creatures vanquished.

Grand Total: 72 creatures vanquished

Notes
Turn   | Place    | Note
-------+----------+-------------------------------------------
     0 | D:1      | BinkBink the Minotaur Monk began the quest for the Orb.
     0 | D:1      | Reached XP level 1. HP: 19/19 MP: 0/0
   377 | D:1      | Found a faded altar of an unknown god.
   382 | D:1      | Reached skill level 4 in Axes
   387 | D:1      | Prayed at the altar of an unknown god.
   387 | D:1      | Became a worshipper of Uskayaw the Reveller
   387 | D:1      | Reached * piety under Uskayaw
   387 | D:1      | Reached ** piety under Uskayaw
   430 | D:1      | Reached XP level 2. HP: 26/27 MP: 1/1
  1180 | D:2      | Reached XP level 3. HP: 32/33 MP: 2/2
  1856 | D:3      | Noticed Natasha
  1868 | D:3      | Killed Natasha
  2053 | D:3      | Noticed Natasha
  2065 | D:3      | Killed Natasha
  2066 | D:3      | Reached XP level 4. HP: 23/41 MP: 3/3
  2248 | D:3      | Noticed Jessica
  2257 | D:3      | Killed Jessica
  2258 | D:3      | Reached skill level 5 in Axes
  2265 | D:3      | Noticed Natasha
  2273 | D:3      | Killed Natasha
  2274 | D:3      | Reached XP level 5. HP: 42/47 MP: 4/4
  2335 | D:3      | Found a transporter.
  2341 | D:3      | Noticed xoxolimbo's ghost (amateur DsFE)
  2382 | D:3      | Found a transporter.
  3127 | D:3      | Found a blossoming altar of Fedhas.
  3609 | D:4      | Noticed Dowan
  3609 | D:4      | Noticed Duvessa
  3700 | D:4      | Reached skill level 5 in Fighting
  3808 | D:4      | Noticed Menkaure
  3959 | D:4      | Reached skill level 1 in Armour
  3964 | D:4      | Reached *** piety under Uskayaw
  4187 | D:4      | Killed Dowan
  4188 | D:4      | Reached skill level 6 in Axes
  4188 | D:4      | Reached XP level 6. HP: 43/56 MP: 5/5
  4576 | D:4      | Learned a level 2 spell: Blink
  4837 | D:5      | Entered Level 5 of the Dungeon
  4950 | D:5      | Noticed a water moccasin
  4978 | D:5      | Killed a water moccasin
  5415 | D:5      | Noticed a vampire
  5503 | D:4      | Killed Menkaure
  5504 | D:4      | Reached XP level 7. HP: 26/61 MP: 5/7
  5507 | D:4      | Killed Duvessa
  5507 | D:4      | Reached **** piety under Uskayaw
  5508 | D:4      | Reached skill level 5 in Dodging
  5508 | D:4      | Reached skill level 1 in Translocations
  5844 | D:4      | Slain by a vampire

Illustrated notes

Levels and vault maps discovered:
D:1:      dpeg_arrival_prison, layout_basic, dreamdust_ecumenical_altar_statues,
          serial_forest, infiniplex_forest_straight_2,
          infiniplex_forest_clump_small, infiniplex_forest_clump_long,
          infiniplex_forest_lined_2, infiniplex_forest_side_room,
          infiniplex_forest_end_1, infiniplex_forest_lined_3_way,
          infiniplex_forest_clump_long
D:2:      layout_loops_cross, hangedman_abyss_or_decor_lesser_grid
D:3:      layout_basic, fedhas_altar_4, gammafunk_ghost_stat_death,
          hangedman_abyss_or_decor_stabs, uniq_jessica, uniq_natasha
D:4:      layout_loops_cross, uniq_duvessa, uniq_menkaure
D:5:      cheibrodos_quashed, layout_loops_ring, minmay_temple_entry_fiery,
          grunt_ministairs_8, uniq_sigmund

Skill      XL: |  1  2  3  4  5  6  7 |
---------------+----------------------+-----
Axes           | 4 5 6 |  6.7
Fighting       | 4 5 |  5.5
Dodging        | 4 5 |  5.0
Armour         | 1 3 4 |  4.2
Translocations | 1 |  1.0
Stealth        | |  1.5
Spellcasting   | |  0.9

Action                   |  1- 3 |  4- 6 |  7- 9 || total
-------------------------+-------+-------+-------++-------
Melee: Hand axe          |    86 |   157 |    25 ||   268
       Headbutt          |    18 |    31 |     4 ||    53
  Use: Scroll            |       |     7 |       ||     7
       Potion            |       |     4 |     5 ||     9
 Stab: Sleeping          |     1 |     2 |       ||     3
       Paralysed         |       |     1 |       ||     1
       Invisible         |       |     1 |       ||     1
Armor: Robe              |    11 |     4 |       ||    15
       Ring mail         |       |    43 |     9 ||    52
       Skin              |       |     5 |    19 ||    24
Dodge: Dodged            |    46 |    75 |    10 ||   131

Table legend: (Time is in decaauts)
 A = Elapsed time spent in this place.
 B = Non-inter-level travel time spent in this place.
 C = Inter-level travel time spent in this place.
 D = Time resting spent in this place.
 E = Time spent auto-exploring this place.
 F = Levels seen in this place.
 G = Mean time per level.
                   A        B        C        D        E       F      G
               +--------+--------+--------+--------+--------+-----+--------+
         Total |   5867 |   5527 |    340 |      0 |   4656 |   5 | 1173.4 |
       Dungeon |   5867 |   5527 |    340 |      0 |   4656 |   5 | 1173.4 |
               +--------+--------+--------+--------+--------+-----+--------+

Top non-repeatable levels by time:
     D:3: 2149 daAuts
     D:4: 1271 daAuts
     D:2: 937 daAuts
     D:1: 899 daAuts
     D:5: 609 daAuts
